 Dungeon Crawl Stone Soup version 0.29.0-4-gdea44cf6ec (webtiles) character file.

Game seed: 15039738901255674464

98 qw the Chopper (level 4, -2/26 HPs)
             Began as a Tengu Warper on Aug 29, 2022.
             Slain by a wraith (12 damage)
             ... on level 1 of the Abyss.
             The game lasted 00:01:25 (1833 turns).

qw the Chopper (Tengu Warper)                       Turns: 1833, Time: 00:01:26

Health: -2/26      AC:  6    Str: 14    XL:     4   Next: 69%
Magic:  8/8        EV:  9    Int: 13    God:
Gold:   128        SH:  0    Dex: 13    Spells: 7/7 levels left

rFire   . . .      SeeInvis .   Y - +0 war axe
rCold   . . .      Faith    .   (no shield)
rNeg    . . .      Spirit   .   g - +0 scale mail
rPois   .          Reflect  .   (helmet restricted)
rElec   .          Harm     .   (no cloak)
rCorr   .          Rampage  .   (no gloves)
Will    .....                   (boots unavailable)
Stlth   ..........              (no amulet)
HPRegen 0.08/turn               (no ring)
MPRegen 0.11/turn               (no ring)

@: slowed, very slow
A: beak, talons 3
a: no special abilities


You were on level 1 of the Abyss.
You visited 1 branch of the dungeon, and saw 2 of its levels.
You visited the Abyss 1 time.

You collected 128 gold pieces.


Innate Abilities, Weirdness & Mutations

You have a beak for a mouth.
You have claws for feet.


   Skills:
 - Level 2.0 Fighting
 + Level 5.2 Axes
 - Level 1.0 Throwing
 - Level 1.1 Armour
 - Level 2.1 Dodging
 - Level 2.0 Spellcasting
 - Level 2.4 Translocations


You had 7 spell levels left.
You didn't know any spells.
Your spell library contained the following spells:

 Spells                   Type           Power      Damage    Failure   Level
 Blink                    Tloc           14%        N/A       54%         2
 Gell's Gravitas          Tloc           7%         N/A       77%         3
 Lesser Beckoning         Tloc           7%         N/A       77%         3
 Teleport Other           Tloc           7%         N/A       77%         3
 Manifold Assault         Tloc           7%         N/A       100%        5

Inventory:

Hand Weapons
 c - a +0 club
 Y - a +0 war axe (weapon)
Armour
 g - a +0 scale mail (worn)
Scrolls
 j - a scroll of identify
Potions
 d - a potion of heal wounds
 e - a potion of mutation
 f - a potion of attraction {unknown}
 i - a potion of curing {unknown}

Dungeon Overview and Level Annotations

Branches:
Dungeon (2/15)

Altars:

Shops:
D:1 ?


Message History

1768 ||| READING scroll labelled RALICOPLOMM.
As you read the scroll labelled RALICOPLOMM, it crumbles to dust.
It is a scroll of enchant armour.
Really abort (and waste the scroll)?
Done exploring.
1769 ||| READING 2 scrolls of identify.
As you read the scroll of identify, it crumbles to dust.
e - a potion of mutation;
1769 ||| IDENTIFYING brown potion Done exploring.
(D) Dungeon
Where to? (* - list waypoints, Enter - D:2, ? - help)
What level of the Dungeon? (default 1, ? - help)
You climb downwards.
The goblin hits you but does no damage.
You are cast into the Abyss!
This branch contains the abyssal rune of Zot.
A wraith comes into view.
1823 ||| Stepping ~*~*~tactically~*~*~ (stealth).
Found a corrupted altar of Lugonu.
1826 ||| Stepping ~*~*~tactically~*~*~ (stealth).
You hit the wraith but do no damage. Your kick misses the wraith.
The wraith hits you.
You hit the wraith but do no damage. Your kick misses the wraith.
You peck the wraith, but do no damage. The wraith hits you!
You slash the wraith! You claw the wraith, but do no damage.
The wraith is moderately damaged.
The wraith hits you but does no damage.
You hit the wraith. You claw the wraith, but do no damage.
You peck the wraith, but do no damage.
The wraith is moderately damaged.
The wraith closely misses you. The wraith hits you.
The wraith drains your vigour!
You feel yourself slow down.
You closely miss the wraith. You claw the wraith.
The wraith is heavily damaged.
The wraith hits you. The wraith drains your vigour!
You feel as though you will be slow longer.
You closely miss the wraith. You claw the wraith, but do no damage.
The wraith is heavily damaged.
The wraith hits you!
You die...

... . # ..
.#... _... #.
.
#..######....
#..@W.......
##.###.##.#~
### .# # W.
#.


You could see a wraith.

Vanquished Creatures
  6 adders (D:2)
  2 dart slugs (D:2)
  5 ball pythons
  5 bats
  4 endoplasms (D:1)
  2 giant cockroaches
  3 goblins
  3 hobgoblins
  3 kobolds
  4 frilled lizards
  7 rats
44 creatures vanquished.

Notes
Turn   | Place    | Note
-------+----------+-------------------------------------------
     0 | D:1      | qw the Tengu Warper began the quest for the Orb.
     0 | D:1      | Reached XP level 1. HP: 12/12 MP: 4/4
     0 | D:1      | 0 ||| qw: Version: 0.1-a-89-g26bdef1
     0 | D:1      | 0 ||| qw: Game counter: 3607
     0 | D:1      | 0 ||| qw: Always use a shield: true
     0 | D:1      | 0 ||| qw: God list: Okawaru
     0 | D:1      | 0 ||| qw: Allow faded altars: false
     0 | D:1      | 0 ||| qw: Do Orc after D:15 true
     0 | D:1      | 0 ||| qw: Do second Lair branch before Depths: true
     0 | D:1      | 0 ||| qw: Lair rune preference: random
     0 | D:1      | 0 ||| qw: Plans: Normal
     0 | D:1      | 0 ||| PLANNING D:1-11
   104 | D:1      | Found a faded altar of an unknown god.
   159 | D:1      | Found Rionireju's Magic Scroll Shoppe.
   164 | D:1      | 164 ||| SHOPLISTING scroll of brand weapon (114 gold, have
                  | 23).
   164 | D:1      | 164 ||| SHOPLISTING scroll of identify (24 gold, have 23).
   164 | D:1      | 164 ||| SHOPLISTING scroll of teleportation (36 gold, have
                  | 23).
   220 | D:1      | Reached XP level 2. HP: 17/17 MP: 6/6
   229 | D:1      | Reached skill level 3 in Axes
   569 | D:1      | 569 ||| SWAPPING to +0 war axe.
   574 | D:1      | 574 ||| DROPPING +0 hand axe.
   739 | D:1      | Reached XP level 3. HP: 21/21 MP: 7/7
   871 | D:1      | 871 ||| UPGRADING to +0 scale mail.
   881 | D:1      | 881 ||| DROPPING +0 leather armour.
   882 | D:1      | 882 ||| READING 3 scrolls labelled BAOJUA WUMECAA.
   883 | D:1      | 883 ||| READING scroll labelled SUAREL TUE.
   884 | D:1      | 884 ||| READING 2 scrolls of identify.
   884 | D:1      | 884 ||| IDENTIFYING golden potion
   885 | D:1      | 885 ||| DROPPING scroll of blinking.
  1056 | D:2      | Reached skill level 4 in Axes
  1209 | D:2      | Reached XP level 4. HP: 20/26 MP: 8/8
  1417 | D:2      | 1417 ||| Stepping ~*~*~tactically~*~*~ (stealth).
  1434 | D:2      | 1434 ||| Stepping ~*~*~tactically~*~*~ (stealth).
  1460 | D:2      | Reached skill level 5 in Axes
  1595 | D:2      | 1595 ||| Stepping ~*~*~tactically~*~*~ (hiding).
  1668 | D:2      | 1668 ||| FLEEEEING.
  1669 | D:2      | 1669 ||| FLEEEEING.
  1670 | D:2      | 1670 ||| FLEEEEING.
  1671 | D:2      | 1671 ||| FLEEEEING.
  1672 | D:2      | 1672 ||| FLEEEEING.
  1673 | D:2      | 1673 ||| FLEEEEING.
  1674 | D:2      | 1674 ||| FLEEEEING.
  1677 | D:2      | 1677 ||| FLEEEEING.
  1678 | D:2      | 1678 ||| FLEEEEING.
  1679 | D:2      | 1679 ||| FLEEEEING.
  1682 | D:2      | 1682 ||| FLEEEEING.
  1683 | D:2      | 1683 ||| FLEEEEING.
  1684 | D:2      | 1684 ||| FLEEEEING.
  1685 | D:2      | 1685 ||| FLEEEEING.
  1686 | D:2      | 1686 ||| FLEEEEING.
  1687 | D:2      | 1687 ||| FLEEEEING.
  1688 | D:2      | 1688 ||| FLEEEEING.
  1690 | D:2      | 1690 ||| FLEEEEING.
  1691 | D:2      | 1691 ||| FLEEEEING.
  1692 | D:2      | 1692 ||| FLEEEEING.
  1693 | D:2      | 1693 ||| FLEEEEING.
  1694 | D:2      | 1694 ||| FLEEEEING.
  1695 | D:2      | 1695 ||| FLEEEEING.
  1696 | D:2      | 1696 ||| FLEEEEING.
  1697 | D:2      | 1697 ||| FLEEEEING.
  1700 | D:2      | 1700 ||| FLEEEEING.
  1701 | D:2      | 1701 ||| FLEEEEING.
  1702 | D:2      | 1702 ||| FLEEEEING.
  1704 | D:2      | 1704 ||| STAIRDANCE
  1767 | D:1      | 1767 ||| READING scroll labelled TAMONE RAFIZU.
  1768 | D:1      | 1768 ||| READING scroll labelled RALICOPLOMM.
  1769 | D:1      | 1769 ||| READING 2 scrolls of identify.
  1769 | D:1      | 1769 ||| IDENTIFYING brown potion
  1771 | Abyss:1  | Cast into level 1 of the Abyss (goblin)
  1822 | Abyss:1  | Noticed a wraith
  1823 | Abyss:1  | 1823 ||| Stepping ~*~*~tactically~*~*~ (stealth).
  1823 | Abyss:1  | Found a corrupted altar of Lugonu.
  1826 | Abyss:1  | 1826 ||| Stepping ~*~*~tactically~*~*~ (stealth).
  1833 | Abyss:1  | Slain by a wraith

Levels and vault maps discovered:
D:1:      grunt_arrival_crossed_arrows, layout_basic, serial_shops, shop,
          hellmonk_ecumenical_altar_run_dry, minmay_misc_feat_ornament,
          minmay_hedge_maze, minivault_4, minmay_close_crescents
D:2:      layout_loops_cross, serial_rivers, chequers_serial_rivers_large_a,
          chequers_serial_rivers_micro_c, chequers_serial_rivers_room_b,
          chequers_serial_rivers_small_3, chequers_serial_rivers_marsh,
          minmay_cupped
Abyss:1:  base:
D:2

Skill      XL: |  1  2  3  4 |
---------------+-------------+-----
Axes           | 3 4 5 |  5.2
Fighting       | |  2.0
Throwing       | |  1.0
Armour         | |  1.1
Dodging        | |  2.1
Spellcasting   | |  2.0
Translocations | |  2.4

Action                   |  1- 3 |  4- 6 || total
-------------------------+-------+-------++-------
Melee: Hand axe          |    33 |       ||    33
       Kick              |    20 |    12 ||    32
       Peck              |    10 |     6 ||    16
       War axe           |    45 |    37 ||    82
Throw: Boomerang         |     7 |       ||     7
  Use: Scroll            |     3 |     3 ||     6
Armor: Leather armour    |    16 |       ||    16
       Scale mail        |    18 |    13 ||    31
Dodge: Dodged            |    41 |    16 ||    57

Table legend:
 A = Non-vault XP
 B = Vault XP
 C = Vault XP percentage of total XP
 D = Non-vault monster count
 E = Vault monster count
 F = Vault count percentage of total count
                 A         B        C        D         E       F
            +---------+---------+-------+---------+---------+-------
      Total |     119 |      21 |  15.0 |      38 |       6 |  13.6
            +---------+---------+-------+---------+---------+-------
        D:1 |      34 |       3 |   8.1 |      22 |       3 |  12.0
        D:2 |      85 |      18 |  17.5 |      16 |       3 |  15.8
            +---------+---------+-------+---------+---------+-------
